 Dungeon Crawl Stone Soup version bcrawl-1.34.1 (webtiles) character file.

Game seed: 9076877023209808141

12321841 Artagas the Spry (level 27, 204/204 HPs)
             Began as a Human Sloth Apostle on Aug 15, 2021.
             Was the Champion of Cheibriados.
             Escaped with the Orb
             ... and 3 runes on Sept 7, 2021!
             The game lasted 04:31:33 (79514 turns).

Artagas the Spry (Human Sloth Apostle)             Turns: 79514, Time: 04:31:34

Health: 204/204    AC: 39    Str: 35      XL:     27
Magic:  40/40      EV: 40    Int: 36      God:    Cheibriados [******]
Gold:   3580       SH: 25    Dex: 35 (36) Spells: 2/52 levels left

rFire    + + .     SeeInvis +   C - +9 demon trident (elec)
rCold    . . .     Gourm    .   b - +4 medium shield "Zamun" {rPois rC+ Int-2}
rNeg     . . .     Faith    .   k - +8 fire dragon scales
rPois    +         Spirit   .   Y - +0 mask of the Dragon {MR+ Slay+3 SInv}
rElec    +         Reflect  +   M - +2 cloak {MR+}
rCorr    .         Harm     .   l - +0 pair of fencer's gloves {Riposte Dex+6}
MR       +++++     Clarity  +   h - +2 pair of boots
Stlth    +.........             j - +3 amulet of reflection
HPRegen  0.44/turn              Z - ring of Xovaff {+Fly rElec Int+5 Dex-3}
MPRegen  0.27/turn              A - +6 ring of protection

@: agile, very slow
A: rugged brown scales 1, deterioration 1, frail 1, magic resistance 1
0: Orb of Zot
}: 3/15 runes: barnacled, silver, gossamer
a: Bend Time, Defer, Temporal Distortion, Step From Time, Renounce Religion,
Evoke Flight


You escaped.
You worshipped Cheibriados.
Cheibriados was exalted by your worship.
You were not hungry.

You visited 10 branches of the dungeon, and saw 43 of its levels.
You also visited: Bailey and Ice Cave.

You collected 11748 gold pieces.
You spent 8168 gold pieces at shops.

Inventory:

Hand Weapons
 C - a +9 demon trident of electrocution (weapon)
   (You took it off a merfolk impaler on level 1 of the Shoals)
Missiles
 K - 606 poisoned tomahawks (quivered)
 V - 18 throwing nets {=f}
Armour
 b - the +4 medium shield "Zamun" (worn) {rPois rC+ Int-2}
   (You found it on level 11 of the Dungeon)

   It affects your intelligence (-2).
   It protects you from cold.
   It protects you from poison.
 h - a +2 pair of boots (worn)
   (You found it on level 2 of the Vaults)
 k - +8 fire dragon scales (worn)
   (You found it on level 4 of the Depths)
 l - the +0 pair of fencer's gloves (worn) {Riposte Dex+6}
   (You bought it in a shop on level 1 of the Elven Halls)

   It affects your dexterity (+6).
 M - a +2 cloak of magic resistance (worn)
   (You bought it in a shop on level 7 of the Dungeon)
 Y - the +0 mask of the Dragon (worn) {MR+ Slay+3 SInv}
   (You found it on level 3 of the Elven Halls)

   It affects your accuracy and damage with ranged weapons and melee attacks
   (+3).
   It affects your resistance to hostile enchantments.
   It lets you see invisible.
Jewellery
 c - an uncursed ring of protection from cold
   (You found it on level 6 of the Lair of Beasts)
 f - an uncursed ring of protection from fire
   (You found it on level 3 of the Vaults)
 j - a +3 amulet of reflection (around neck)
   (You found it on level 6 of the Lair of Beasts)
 m - an uncursed ring of protection from magic
   (You found it on level 5 of the Realm of Zot)
 A - a +6 ring of protection (right hand)
   (You took it off a spriggan berserker on level 5 of the Depths)
 N - the ring "Luhar" {+Fly MR+}
   (You took it off a deep elf demonologist on level 3 of the Elven Halls)

   [ring of flight]

   It affects your resistance to hostile enchantments.
   It lets you fly.
 Z - the ring of Xovaff (left hand) {+Fly rElec Int+5 Dex-3}
   (You took it off a deep elf annihilator on level 3 of the Elven Halls)

   [ring of flight]

   It affects your intelligence (+5).
   It affects your dexterity (-3).
   It insulates you from electricity.
   It lets you fly.
Wands
 v - a wand of digging (13)
   (You found it on level 1 of the Crypt)
 D - a wand of clouds (3)
   (You found it on level 3 of the Vaults)
 F - a wand of enslavement (32)
   (You found it on level 6 of the Lair of Beasts)
 L - a wand of iceblast (43)
   (You found it on level 5 of the Dungeon)
 O - a wand of acid (16)
   (You bought it in a shop on level 7 of the Dungeon)
 R - a wand of paralysis (14)
   (You found it on level 1 of the Vaults)
 S - a wand of scattershot (5)
   (You found it on level 3 of the Lair of Beasts)
Scrolls
 a - a scroll of magic mapping
 t - 20 scrolls of teleportation
 u - 5 scrolls of fog
 z - 5 scrolls of blinking
 B - 6 scrolls of immolation
 H - 6 scrolls of silence
 I - a scroll of summoning
 Q - 11 scrolls of fear
Potions
 d - 2 potions of might
 i - 13 potions of brilliance
 o - 7 potions of mutation
 q - 17 potions of curing
 s - 2 potions of agility
 w - 7 potions of heal wounds
 x - 8 potions of lignification
 y - 2 potions of resistance
 G - 2 potions of cancellation
 J - 4 potions of ambrosia
 P - a potion of magic
 T - 4 potions of invisibility
 W - 8 potions of flight
Miscellaneous
 g - a lamp of fire
   (You found it on level 3 of the Spider Nest)
 n - a phial of floods
   (You found it on level 5 of the Lair of Beasts)
 p - a sack of spiders
   (You found it on level 3 of the Vaults)
 r - 4 boxes of beasts
 E - a lightning rod (4/4)
   (You found it on level 1 of the Elven Halls)
 U - 3 phantom mirrors
Comestibles
 e - 46 rations {!d}


   Skills:
 + Level 18.9 Fighting
   Level 15.0(16.1) Axes
 - Level 10.5(14.0) Polearms
 + Level 19.1 Armour
 + Level 19.1 Dodging
 - Level 3.6 Stealth
 - Level 15.0 Shields
 - Level 13.0 Spellcasting
 - Level 14.0 Hexes
 - Level 10.0 Charms
 - Level 19.0 Summonings
 - Level 4.0 Necromancy
 - Level 8.0 Air Magic
 - Level 14.0 Invocations
 - Level 10.0 Evocations


You had 2 spell levels left.
You knew the following spells:

 Your Spells              Type           Power        Failure   Level  Hunger
a - Summon Lightning Spi  Summ/Air       #######.     1%          5    #......
b - Infusion              Chrm           #######.     1%          1    None
c - Spectral Weapon       Hex/Chrm       #######.     1%          3    None
d - Regeneration          Chrm/Necr      ######....   1%          3    None
e - Summon Mana Viper     Hex/Summ       #######.     1%          5    #......
f - Song of Slaying       Chrm           #######.     1%          2    None
g - Shadow Creatures      Summ           N/A          3%          7    #####..
h - Invisibility          Hex            #######.     4%          6    ####...
i - Aura of Abjuration    Summ           ########..   1%          5    #......
j - Deflect Missiles      Chrm/Air       ######....   36%         6    ####...
k - Monstrous Menagerie   Summ           ########..   3%          7    #####..

Your spell library contained the following spells:

 Spells                   Type           Power        Failure   Level  Hunger
 Summon Butterflies       Summ           ########     0%          1    None
 Summon Small Mammal      Summ           ####         0%          1    None
 Call Imp                 Summ           ######       0%          2    None
 Animate Skeleton         Necr           N/A          1%          1    None
 Corona                   Hex            #######      1%          1    None
 Pain                     Necr           ######       1%          1    None
 Slow                     Hex            #######.     1%          1    None
 Ensorcelled Hibernation  Hex/Ice        ######       1%          2    None
 Flaming Arrows           Chrm/Fire      ######..     1%          2    None
 Shackle                  Hex            #######.     1%          2    None
 Swiftness                Chrm/Air       ######..     1%          2    None
 Poisonous Vapours        Pois/Air       ######       3%          2    None
 Apportation              Tloc           ###...       11%         1    None
 Flame Tongue             Conj/Fire      ###..        11%         1    None
 Sandblast                Erth           ###...       11%         1    None
 Passwall                 Tmut/Erth      ###.....     16%         2    None
 Call Canine Familiar     Summ           ########     0%          3    None
 Confuse                  Hex            #######.     1%          3    None
 Dazzling Orbs            Conj/Hex       ######.      1%          3    None
 Inner Flame              Hex/Fire       N/A          1%          3    None
 Recall                   Summ/Tloc      N/A          1%          3    None
 Tukima's Dance           Hex            #######.     1%          3    None
 Cause Fear               Hex            #######...   1%          4    None
 Summon Ice Beast         Ice/Summ       #######.     1%          4    None
 Summon Scorpions         Summ/Pois      #######.     1%          4    None
 Summon Demon             Summ           ########..   1%          5    #......
 Summon Hydra             Summ           ########..   1%          6    ####...
 Silence                  Hex/Air        #######...   3%          5    #......
 Ozocubu's Armour         Chrm/Ice       ######..     4%          3    None
 Piercing Shot            Chrm           #######...   4%          5    #......
 Darkness                 Hex            #######...   4%          6    ####...
 Vampiric Draining        Necr           ######....   6%          3    None
 Tree Form                Hex/Tmut       N/A          6%          4    None
 Yara's Violent Unravell  Hex/Tmut       ######....   6%          4    None
 Summon Forest            Summ/Tloc      #######...   6%          5    #......
 Mephitic Cloud           Conj/Pois/Air  #####...     11%         3    None
 Metabolic Englaciation   Hex/Ice        ######....   16%         5    #......
 Agony                    Necr           ######..     21%         4    None
 Animate Dead             Necr           N/A          21%         4    None
 Discord                  Hex            #######...   28%         7    #####..
 Beckoning                Tloc           ###.......   30%         3    None
 Conjure Flame            Conj/Fire      ###.....     30%         3    None
 Iskenderun's Battlesphe  Conj/Chrm      ######..     36%         5    #......
 Dispel Undead            Necr           ######..     50%         5    #......
 Lightning Bolt           Conj/Air       ######....   50%         5    #......
 Death Channel            Chrm/Necr      ######....   65%         6    ####...
 Petrify                  Tmut/Erth      ###.......   71%         4    None
 Sticky Flame             Conj/Fire      ###.....     71%         4    None
 Steam Barrier            Chrm/Fire      ######....   90%         6    ####...
 Infestation              Hex/Tmut/Pois  ######...    94%         6    ####...
 Bolt of Magma            Conj/Fire/Erth ###.......   96%         5    #......
 Fireball                 Conj/Fire      ###.......   96%         5    #......
 Lee's Rapid Deconstruct  Erth           ###.......   96%         5    #......
 Venom Bolt               Conj/Pois      ###.......   96%         5    #......
 Conjure Ball Lightning   Conj/Air       ######....   97%         6    ####...
 Freezing Cloud           Ice/Air        ######....   97%         6    ####...
 Mana Rupture             Conj/Hex       ######....   99%         7    #####..
 Dragon's Call            Summ           ########..   99%         9    #######
 Bolt of Cold             Conj/Ice       ###.......   100%        6    ####...
 Bolt of Fire             Conj/Fire      ###.......   100%        6    ####...
 Borgnjor's Vile Clutch   Necr/Erth      #####.....   100%        6    ####...
 Iron Shot                Conj/Erth      ###.......   100%        6    ####...
 Ozocubu's Refrigeration  Ice            ###.......   100%        6    ####...
 Simulacrum               Ice/Necr       #####.....   100%        6    ####...
 Statue Form              Tmut/Erth      ###......    100%        6    ####...
 Dragon Form              Tmut           ###....      100%        7    #####..
 Icicle Burst             Conj/Ice       ###.......   100%        7    #####..
 Chain Lightning          Conj/Air       ######....   100%        8    #######
 Ignition                 Fire           ###.......   100%        8    #######
 Necromutation            Tmut/Necr      #####...     100%        8    #######
 Time Stop                Chrm/Tloc      N/A          100%        8    #######
 Tornado                  Tloc/Air       ######....   100%        8    #######
 Shatter                  Erth           ###.......   100%        9    #######
 Passage of Golubria      Tloc           Unusable     N/A         5    N/A

Dungeon Overview and Level Annotations

Branches:
Dungeon (12/12)            Temple (0/1) D:6            Lair (6/6) D:9
 Shoals (3/3) Lair:4       Spider (3/3) Lair:2        Slime (0/5) Lair:5
    Orc (1/1) D:10            Elf (3/3) Orc          Vaults (3/3) D:11
  Crypt (2/2) Vaults:2     Depths (5/5) D:12            Zot (5/5) Depths:5
   Tomb: Crypt:2

Altars:
Dithmenos
Elyvilon
Kikubaaqudgha
Lugonu
Makhleb
Qazlal
Sif Muna
Xom
Yredelemnul
Beogh
Jiyva

Shops:
D:4 !   D:7 *   D:9 (?*(:   Orc **}*?   Elf:1 [%%   Elf:2 :   Elf:3 ?[:*
Vaults:2 [   Vaults:3 %   Depths:1 ?

Portals:
Hell: Depths:1 Depths:2 Depths:3 Depths:4 Depths:5
Abyss: Depths:2 Depths:4
Pandemonium: Depths:1 Depths:2 Depths:3 Depths:4
Ziggurat: Depths:5

Annotations:
D:7 2 transporters, tronn's ghost, novice GnAc
D:12 Roxanne
Spider:2 exclusion: orange crystal statue Orc 3 runed translucent doors, cunnyseur's ghost, journeyman TrSu
Elf:1 6 runed translucent doors


Innate Abilities, Weirdness & Mutations

You are partially covered in rugged brown scales. (AC +1, +3% HP)
Your body sometimes deteriorates upon taking damage.
You are frail. (-10% HP)
You are resistant to hostile enchantments. (MR+)


Message History

Nakuon falters for a moment.
Nakuon hits your mana viper!!
Your mana viper dies!
There is a stone staircase leading up here.
Nakuon falters for a moment.
A rune on the stairs sparks and fizzles.
You climb upwards.
There is a stone staircase leading down here.
(D) Dungeon (T) Temple (L) Lair (A) Shoals (N) Spider Nest (M) Slime Pits (O) Orcish Mines (E) Elven Halls (V) Vaults (C) Crypt (U) Depths (H) Hell (Z) Zot
Where to? (Enter - D:1 @ (x,y), ? - help)
What level of the Dungeon? (default 1, ? - help)
There is a stone staircase leading down here.
A torturous demonspawn comes into view.
It is wielding a +1 vampiric demon whip. 3 hell hounds come into view.
The hell hound barks!
The hell hound breathes flames at you.
The blast of flame hits you but does no damage.
The hell hound breathes flames at you. The blast of flame misses you.
The torturous demonspawn completely misses you.
You riposte.
You perforate the torturous demonspawn like a sieve!!!
The torturous demonspawn is severely wounded.
There is a stone staircase leading up, spattered with blood here.
The hell hound breathes flames at you.
The blast of flame hits the hell hound.
The hell hound completely resists.
The blast of flame misses you.
The torturous demonspawn closely misses you.
A rune on the stairs sparks and fizzles.
You climb upwards.
There is a stone staircase leading down here.
You hit the torturous demonspawn but do no damage.
The torturous demonspawn is severely wounded.
The torturous demonspawn closely misses you.
You hit the torturous demonspawn.
The torturous demonspawn is severely wounded.
You spit the torturous demonspawn like a pig!!!
You kill the torturous demonspawn!
Cheibriados thoroughly appreciates the change of pace.
(D) Dungeon (T) Temple (L) Lair (A) Shoals (N) Spider Nest (M) Slime Pits (O) Orcish Mines (E) Elven Halls (V) Vaults (C) Crypt (U) Depths (H) Hell (Z) Zot
Where to? (Enter - D:1 @ (x,y), ? - help)
A Hell Sentinel comes into view.
You feel very mighty all of a sudden.
You feel agile all of a sudden. The Hell Sentinel gestures at you.
The iron shot misses you. You block the Hell Sentinel's attack.
The Hell Sentinel completely misses you.
The Hell Sentinel gestures at you. The iron shot hits you!!
There is a stone staircase leading up, spattered with blood here.
You warp the flow of time around you!
A rune on the stairs sparks and fizzles.
You climb upwards.
There is a stone staircase leading down here.
(D) Dungeon (T) Temple (L) Lair (A) Shoals (N) Spider Nest (M) Slime Pits (O) Orcish Mines (E) Elven Halls (V) Vaults (C) Crypt (U) Depths (H) Hell (Z) Zot
Where to? (Enter - D:1 @ (x,y), ? - help)
What level of the Dungeon? (default 1, ? - help)
You feel less exhausted.
Magic restored.
There is a stone staircase leading up here.
You climb upwards.
There is a stone staircase leading down here.
An Orb Guardian comes into view.
The Orb Guardian gazes at you.
You hurl suddenly forward!
You block the Orb Guardian's attack.
You puncture the Orb Guardian!
Lightning courses through the Orb Guardian!
The Orb Guardian is moderately wounded.
You block the Orb Guardian's attack.
You impale the Orb Guardian!!
Lightning courses through the Orb Guardian!
The Orb Guardian is severely wounded.
The Orb Guardian completely misses you.
You riposte.
You perforate the Orb Guardian like a sieve!!!
You kill the Orb Guardian!
Cheibriados appreciates the change of pace.
No target in view!
(D) Dungeon (T) Temple (L) Lair (A) Shoals (N) Spider Nest (M) Slime Pits (O) Orcish Mines (E) Elven Halls (V) Vaults (C) Crypt (U) Depths (H) Hell (Z) Zot
Where to? (Enter - D:1 @ (x,y), ? - help)
You open the door.
There is an open door here.
You feel a little less mighty now.
There is a staircase leading out of the dungeon here.
Really read the scroll of summoning with no enemies visible nearby?
Okay, then.
The power of the Orb breaks the dimensional shunt like a soap bubble!
You have escaped!

#....##.#.###..####......
#######.#...........#....
### #.###########.#....
#.######.# #.#####.#....
#........# #............
#..###########.#####.#....
#.....#.....##.#.....#....
#.###.#.....##.#.#########
#.# #.'..@..'..#.# #....
#.# #.#.....##.#.# #.###
#.# #.#.....##.#.# #.# #
#.# #.########.#.#####.###
#.# #.# ##.....#........
#.# #.#####....#.#.#.....#
#)###....##....#...#.#.#.#
#........##....#####+#...#
######...##....#..........


There were no monsters in sight!

Vanquished Creatures
  2 juggernauts
  5 orbs of fire (Zot:5)
  Mara (Shoals:3)
  4 ancient liches (Zot:5)
  Sojobo (Vaults:1)
  4 Killer Klowns
  7 golden dragons
  Bai Suzhen (Elf:3)
  Saint Roka (Elf:1)
  Frederick (Vaults:1)
  2 bone dragons
  3 rockslimes
  2 electric golems (Zot:5)
  8 tentacled monstrosities
  30 Orb Guardians
  3 Orb Demons
  A titan (Depths:2)
  A pandemonium lord (D:12)
  Jorgrun (Spider:3)
  5 quicksilver dragons
  2 deep elf blademasters
  3 liches
  A deep elf master archer (Elf:3)
  5 krakens
  Polyphemus (Shoals:2)
  An Executioner (Zot:5)
  4 death cobs
  2 ancient champions
  3 sphinxes
  7 shadow dragons
  11 storm dragons
  3 draconian monks
  3 tengu reavers
  A revenant (Crypt:1)
  2 draconian knights
  A draconian scorcher (Zot:2)
  10 fire giants
  A daeva (Depths:1)
  9 frost giants
  9 vault wardens
  5 deep elf sorcerers
  Aizul (Shoals:3)
  7 ghost moths
  A cacodemon (Depths:4)
  2 orc warlords (Vaults:2)
  Louise (Spider:3)
  A curse skull (Crypt:1)
  A spectral caustic shrike (Depths:3)
  A ghoul (Crypt:1)
  2 iron dragons (Depths:4)
  A draconian shifter (Zot:2)
  15 ironheart preservers
  4 emperor scorpions (Spider:3)
  5 deep elf elementalists
  An eye of devastation (Depths:4)
  2 spriggan defenders
  2 draconian annihilators
  13 stone giants
  3 war gargoyles
  An eye of devastation (shapeshifter) (Vaults:2)
  22 very ugly things
  A reaper (Depths:5)
  4 vampire knights
  5 dire elephants
  A corrupter (Zot:5)
  6 deep elf demonologists
  3 green draconians
  2 yellow draconians
  7 deep elf annihilators
  2 black draconians
  3 white draconians
  A lorocyproca (Zot:5)
  6 purple draconians
  A spark wasp (Spider:3)
  6 red draconians
  2 entropy weavers
  A green death (D:12)
  6 deep elf death magi (Elf:3)
  8 ettins
  4 merfolk javelineers (Shoals:3)
  9 fire dragons
  Urug (Lair:6)
  A crystal guardian (Vaults:3)
  3 jiangshi (Depths:1)
  4 yaktaur captains
  5 merfolk impalers
  A hydra (Lair:2)
  3 deep elf high priests
  A hell beast (Depths:2)
  4 ice dragons
  4 rakshasas
  28 vault guards
  2 monstrous demonspawn
  8 centaur warriors
  5 spriggan air magi
  3 shadow wraiths
  12 ogre magi
  2 merfolk aquamancers (Shoals:3)
  A satyr (Shoals:1)
  2 catoblepae
  6 great orbs of eyes
  2 death knights
  27 two-headed ogres
  4 merfolk avatars
  A queen ant (Lair:6)
  7 deep troll earth magi
  35 dancing weapons
  6 deep troll shamans
  A vampire mage (Depths:1)
  8 sea snakes
  3 tengu warriors
  2 ironheart beastmasters
  14 death yaks
  4 spriggan berserkers
  A fire crab (Shoals:1)
  22 deep trolls
  14 deep elf knights
  2 sun demons
  2 soul eaters
  4 hell knights
  4 iron trolls
  A sixfirhy (D:7)
  16 skeletal warriors
  A gelid demonspawn (Depths:2)
  2 shadow demons
  A torturous demonspawn (D:3)
  2 glowing orange brains
  2 flayed ghosts
  5 deep elf archers
  5 phantasmal warriors
  3 wizards
  8 ironheart convokers
  12 orc knights
  6 harpies
  A wolf spider zombie (D:11)
  44 deep elf magi
  A harpy (shapeshifter) (Vaults:2)
  6 orb spiders
  Pikel (D:8)
  A necromancer (Vaults:1)
  2 lindwurms
  5 cyclopes
  A cyclops (shapeshifter) (Vaults:1)
  23 ugly things
  14 wolf spiders
  2 orc sorcerers
  8 manticores
  8 merfolk sirens
  6 fauns
  15 moths of wrath
  A stone giant skeleton (Crypt:1)
  A human skeleton (Vaults:1)
  8 black mambas
  29 elephants
  8 water nymphs
  A smoke demon (D:7)
  A rust devil (Depths:4)
  3 torpor snails (Lair:6)
  8 vault sentinels
  An orange demon (Depths:4)
  2 water nymphs (shapeshifter)
  9 cane toads
  A yaktaur zombie (Vaults:1)
  2 hellions
  5 demonic crawlers
  32 yaktaurs
  A yaktaur (shapeshifter) (Vaults:2)
  2 efreet
  2 komodo dragons (shapeshifter)
  2 rime drakes
  8 freezing wraiths
  3 komodo dragons
  3 tengu conjurers (Depths:2)
  A hydra zombie (Crypt:1)
  A tormentor (D:9)
  2 polar bears
  6 hellwings
  11 trolls
  A meliai (shapeshifter) (Depths:5)
  2 red devils (Depths:1)
  3 large abominations
  14 merfolk
  6 blink frogs
  A tengu simulacrum (Vaults:1)
  A hornet (shapeshifter) (Depths:3)
  Grinder (D:3)
  6 wind drakes
  17 jumping spiders
  A wolf spider simulacrum (D:12)
  11 slime creatures
  An ice dragon zombie (Crypt:2)
  21 hornets
  9 hippogriffs
  A harpy skeleton (Crypt:2)
  4 dream sheep (Shoals:2)
  A blink frog (shapeshifter) (Depths:4)
  A meliai zombie (D:9)
  A stone giant simulacrum (Vaults:1)
  A human simulacrum (Vaults:1)
  13 snapping turtles
  A frost giant simulacrum (Vaults:1)
  4 shadows
  A shapeshifter (Elf:1)
  51 redbacks
  2 spriggans (Depths:3)
  8 wraiths
  2 air elementals
  9 tarantellas
  37 yaks
  Sigmund (D:3)
  2 wyverns (D:11)
  A fire elemental (Elf:3)
  15 water elementals
  4 basilisks
  A hungry ghost (D:10)
  2 hogs (D:11)
  2 golden eyes (shapeshifter)
  A neqoxec (Depths:2)
  3 vampire mosquitoes (D:9)
  A yaktaur simulacrum (Vaults:1)
  3 chaos spawn
  10 crocodiles
  6 wargs
  An acid dragon (D:11)
  A swamp worm (shapeshifter) (Depths:5)
  7 water moccasins
  A faun skeleton (Crypt:1)
  53 orc warriors
  7 porcupines
  21 soldier ants (Lair:6)
  3 sky beasts
  8 ice beasts
  30 ogres
  A hornet zombie (D:7)
  A black bear (Lair:6)
  3 slaves (D:8)
  2 phantoms
  4 boggarts
  26 wolves
  An eye of draining (D:9)
  12 centaurs
  An elf simulacrum (Vaults:1)
  Blork the orc (D:6)
  10 bullfrogs
  4 big kobolds
  A gnoll sergeant (D:6)
  An earth elemental (Elf:2)
  A water moccasin zombie (D:8)
  4 scorpions
  2 water moccasin skeletons
  24 killer bees
  2 wights
  A raiju skeleton (Crypt:1)
  7 electric eels
  6 howler monkeys
  2 centaur zombies
  14 crimson imps
  2 quasits
  5 hounds
  18 orc wizards
  11 orc priests
  Crazy Yiuf (D:2)
  3 bullfrog skeletons
  16 jellies
  A basilisk skeleton (Crypt:1)
  3 centaur skeletons
  Natasha (twice) (D:3)
  20 worker ants
  2 iguanas
  6 ogre zombies (D:10)
  An acid dragon zombie (Crypt:1)
  2 hound zombies
  A hound skeleton (D:8)
  A worker ant zombie (D:9)
  Robin (D:2)
  14 adders
  10 gnolls
  A swamp drake zombie (Crypt:1)
  6 shadow imps
  A white imp (Depths:4)
  20 oozes
  An adder skeleton (D:4)
  A worm (shapeshifter) (Depths:3)
  3 worms (D:2)
  3 dart slugs
  7 leopard geckos
  73 orcs
  5 giant cockroaches
  12 goblins
  9 hobgoblins
  4 jackals (D:2)
  21 kobolds
  5 quokkas
  9 bats
  3 frilled lizards
  3 goblin skeletons (D:10)
  A goblin zombie (D:10)
  A hobgoblin skeleton (D:10)
  3 hobgoblin zombies (D:10)
  A jackal skeleton (D:4)
  2 orc skeletons (D:10)
  11 orc zombies (D:10)
  7 rats
  7 fungi
  6 plants
  14 tentacles
1853 creatures vanquished.

Vanquished Creatures (collateral kills)
  A juggernaut (Depths:5)
  An ancient lich (Zot:5)
  A curse toe (Zot:5)
  Rupert (Vaults:1)
  4 Orb Guardians (Zot:5)
  An ancient champion (Crypt:2)
  A quicksilver dragon (Zot:4)
  Kirke (D:11)
  A tengu reaver (Vaults:3)
  3 storm dragons
  2 fire giants
  2 vault wardens (Vaults:3)
  2 deep elf sorcerers (Elf:3)
  2 draconian shifters
  2 ironheart preservers
  A curse skull (Crypt:1)
  A spectral caustic shrike (Depths:3)
  3 stone giants
  5 very ugly things
  2 black draconians
  A deep elf annihilator (Elf:3)
  3 deep elf demonologists
  A spark wasp (Depths:3)
  3 entropy weavers
  A red draconian (Zot:5)
  A white draconian (Depths:5)
  A deep elf death mage (Elf:3)
  3 yellow draconians
  2 eidola
  Josephine (Orc)
  An ettin (Vaults:3)
  2 yaktaur captains
  A fire dragon (Depths:4)
  An ice dragon (Depths:2)
  4 vault guards
  2 death knights (Crypt:1)
  2 great orbs of eyes
  3 centaur warriors
  A hydra (Lair:6)
  A two-headed ogre (D:12)
  3 death yaks (Lair:6)
  2 deep troll earth magi (Depths:1)
  3 deep troll shamans
  A sea snake (Shoals:3)
  2 deep elf knights
  A fire crab (shapeshifter) (Depths:2)
  3 hell knights (Depths:4)
  5 skeletal warriors (Crypt:1)
  2 wizards
  An infernal demonspawn (Zot:5)
  A torturous demonspawn (Depths:4)
  A glowing orange brain (Vaults:1)
  2 deep elf archers
  A phantasmal warrior (Crypt:1)
  A necromancer (Vaults:3)
  2 wolf spiders (Spider:2)
  6 deep elf magi
  3 oklob plants
  2 manticores (Shoals:3)
  5 orb spiders
  2 ugly things
  2 moths of wrath
  2 vault sentinels (Vaults:3)
  2 merfolk sirens (Shoals:3)
  An elephant (Lair:6)
  A smoke demon (Depths:4)
  A centaur zombie (D:11)
  2 yaktaurs
  A cane toad (Lair:1)
  A flying skull (Crypt:2)
  A komodo dragon (Lair:4)
  A yaktaur (shapeshifter) (Depths:2)
  A grey draconian skeleton (Crypt:1)
  A red devil (Depths:1)
  3 merfolk (Shoals:3)
  A troll (D:10)
  A jumping spider (Spider:2)
  A hornet (Depths:3)
  A slime creature (Depths:3)
  4 dream sheep
  3 blink frogs (Lair:6)
  A spriggan (shapeshifter) (Depths:5)
  A spriggan (Depths:3)
  11 redbacks
  A tarantella (Spider:2)
  3 water elementals
  3 wraiths
  2 hogs (D:11)
  A hungry ghost (D:10)
  4 hell hounds (Depths:1)
  A floating eye (Depths:5)
  6 soldier ants (Lair:6)
  An eye of draining (Zot:5)
  4 orc warriors (Orc)
  2 ogres
  A bullfrog (D:10)
  A troll zombie (D:10)
  2 howler monkeys (D:10)
  A crimson imp (Depths:4)
  An orc priest (Elf:1)
  An orc wizard (Elf:1)
  3 worker ants (Lair:6)
  A crocodile zombie (Crypt:1)
  An ogre zombie (D:10)
  3 adders
  A shadow imp (D:10)
  7 orcs
  A hobgoblin skeleton (D:10)
  3 orc zombies (D:10)
  3 plants
  A tentacle (Shoals:1)
224 creatures vanquished.

Vanquished Creatures (others)
  A quicksilver dragon (Zot:1)
  A storm dragon (Zot:2)
  A deep elf sorcerer (Elf:3)
  2 stone giants
  A red draconian (Zot:2)
  2 spark wasps (Depths:3)
  A merfolk javelineer (Depths:4)
  2 yaktaur captains
  A deep elf knight (Elf:3)
  2 deep elf archers (Elf:3)
  3 deep elf magi (Elf:3)
  A cane toad (Lair:6)
  2 yaktaurs
  2 humans (D:11)
  A slave (D:8)
  A white imp (Depths:4)
  An ufetubus (Depths:4)
  A ball lightning (Elf:3)
  3 bushes (Depths:2)
  12 fungi
  53 plants
  35 spectral weapons
  50 tentacles
179 creatures vanquished.

Grand Total: 2256 creatures vanquished

Notes
Turn   | Place    | Note
-------+----------+-------------------------------------------
     0 | D:1      | Artagas the Human Sloth Apostle began the quest for the
                  | Orb.
     0 | D:1      | Reached XP level 1. HP: 16/16 MP: 2/2
   175 | D:1      | Reached XP level 2. HP: 14/22 MP: 3/3
   510 | D:1      | Reached skill level 3 in Polearms
   510 | D:1      | Reached XP level 3. HP: 28/28 MP: 4/4
  1055 | D:2      | Reached * piety under Cheibriados
  1103 | D:2      | Reached skill level 3 in Fighting
  1276 | D:2      | Noticed Robin
  1307 | D:2      | Killed Robin
  1308 | D:2      | Reached XP level 4. HP: 19/35 MP: 5/5
  1426 | D:2      | Reached skill level 4 in Polearms
  1735 | D:2      | Reached ** piety under Cheibriados
  2252 | D:2      | Found a runed door.
  2256 | D:2      | Noticed Crazy Yiuf
  2267 | D:2      | Killed Crazy Yiuf
  2268 | D:2      | Reached XP level 5. HP: 41/41 MP: 6/6
  2653 | D:3      | Noticed Grinder
  2667 | D:3      | Killed Grinder
  2668 | D:3      | Reached skill level 4 in Fighting
  2668 | D:3      | Reached skill level 5 in Polearms
  2668 | D:3      | Reached skill level 2 in Armour
  2668 | D:3      | Reached XP level 6. HP: 48/48 MP: 7/7
  2673 | D:3      | Noticed Sigmund
  2681 | D:3      | Killed Sigmund
  2682 | D:3      | Reached skill level 6 in Polearms
  2682 | D:3      | Reached skill level 4 in Armour
  2682 | D:3      | Reached XP level 7. HP: 54/54 MP: 8/8
  3024 | D:3      | Noticed Natasha
  3035 | D:3      | Killed Natasha
  3457 | D:3      | Noticed Natasha
  3475 | D:3      | Killed Natasha
  3609 | D:4      | Reached skill level 2 in Evocations
  3977 | D:4      | Reached XP level 8. HP: 35/61 MP: 10/10
  4111 | D:4      | Found Posemit's Distillery.
  4123 | D:4      | Bought a potion of cancellation for 60 gold pieces
  4123 | D:4      | Bought a potion of might for 48 gold pieces
  4123 | D:4      | Bought a potion of lignification for 36 gold pieces
  4123 | D:4      | Bought a potion of degeneration for 12 gold pieces
  4123 | D:4      | Bought a potion of resistance for 120 gold pieces
  4324 | D:5      | Entered Level 5 of the Dungeon
  4382 | D:5      | Reached skill level 3 in Evocations
  4589 | D:5      | Reached skill level 5 in Fighting
  4589 | D:5      | Reached skill level 7 in Polearms
  4589 | D:5      | Reached skill level 1 in Invocations
  4683 | D:5      | Found a stormy altar of Qazlal.
  4720 | D:5      | Got an encrusted leather armour
  4752 | D:5      | Noticed a troll
  4767 | D:5      | Killed a troll
  4768 | D:5      | Reached skill level 4 in Invocations
  4787 | D:5      | Got a faintly glowing iron ring
  4975 | D:5      | Identified the +3 leather armour "Retukaaq" {rC- rN+++
                  | MR+++ Dex-2} (You found it on level 5 of the Dungeon)
  5022 | D:5      | Reached *** piety under Cheibriados
  5486 | D:5      | Reached XP level 9. HP: 68/68 MP: 12/12
  5585 | D:6      | Noticed Blork the orc
  5587 | D:6      | Noticed a hippogriff
  5656 | D:6      | Found a shadowy altar of Dithmenos.
  5744 | D:5      | Killed a hippogriff
  5745 | D:5      | Reached skill level 5 in Armour
  5803 | D:6      | Reached skill level 8 in Polearms
  5814 | D:6      | Identified the ring of Xom's Sleight of Hands {Ice Int+2}
                  | (You found it on level 5 of the Dungeon)
  5823 | D:6      | Reached skill level 6 in Fighting
  5903 | D:6      | Killed Blork the orc
  5919 | D:6      | Reached skill level 5 in Invocations
  5990 | D:6      | Noticed a centaur warrior
  6005 | D:6      | Killed a centaur warrior
  6006 | D:6      | Reached skill level 9 in Polearms
  6006 | D:6      | Reached skill level 7 in Fighting
  6037 | D:6      | Found a glowing drain.
  6090 | D:6      | Reached **** piety under Cheibriados
  6215 | D:6      | Found a staircase to the Ecumenical Temple.
  6265 | D:6      | Reached XP level 10. HP: 80/80 MP: 13/13
  6477 | D:7      | Found a flagged portal.
  6491 | D:6      | Reached skill level 8 in Fighting
  6610 | D:7      | Noticed tronn's ghost (novice GnAc)
  6613 | D:7      | Reached skill level 3 in Shields
  6639 | D:7      | Found a transporter.
  6699 | D:7      | Found Lixzop's Assorted Antiques.
  6708 | D:7      | Bought a tapered bronze wand for 88 gold pieces
  6708 | D:7      | Bought a scroll of identify for 44 gold pieces
  6708 | D:7      | Bought a yellow potion for 19 gold pieces
  6716 | D:7      | Reached skill level 6 in Armour
  6730 | D:7      | Reached skill level 4 in Shields
  6737 | Bailey   | Entered a bailey
  7066 | Bailey   | Reached skill level 5 in Shields
  7179 | Bailey   | Reached skill level 7 in Armour
  7270 | Bailey   | Noticed an orc knight
  7273 | Bailey   | Reached skill level 6 in Shields
  7276 | Bailey   | Killed an orc knight
  7479 | Bailey   | Reached skill level 4 in Evocations
  7704 | D:7      | Found a transporter.
  7760 | D:7      | Reached ***** piety under Cheibriados
  7875 | D:6      | Reached skill level 6 in Invocations
  7995 | D:7      | Reached XP level 11. HP: 69/87 MP: 15/15
  8420 | D:8      | Found a shadowy altar of Dithmenos.
  8656 | D:8      | Noticed Pikel
  8678 | D:8      | Killed Pikel
  8679 | D:8      | Reached skill level 9 in Fighting
  8679 | D:8      | Reached skill level 10 in Polearms
  9094 | D:8      | Reached skill level 7 in Invocations
  9101 | D:8      | Noticed a two-headed ogre
  9108 | D:8      | Killed a two-headed ogre
  9213 | D:8      | Reached skill level 10 in Fighting
 10325 | D:9      | Found Jotygg's Magic Scroll Emporium.
 10478 | D:9      | Bought a scroll of identify for 28 gold pieces
 10478 | D:9      | Bought a scroll of identify for 28 gold pieces
 10478 | D:9      | Bought a scroll of teleportation for 42 gold pieces
 10478 | D:9      | Bought a scroll of fog for 28 gold pieces
 10512 | D:9      | Reached skill level 11 in Fighting
 10577 | D:9      | Learned a level 5 spell: Summon Lightning Spire
 10882 | D:9      | Noticed a death yak
 10882 | D:9      | Noticed a death yak
 10882 | D:9      | Noticed a death yak
 10886 | D:9      | Noticed a death yak
 10886 | D:9      | Noticed a death yak
 10886 | D:9      | Noticed a death yak
 10889 | D:9      | Killed a death yak
 10890 | D:9      | Reached skill level 1 in Summonings
 10890 | D:9      | Reached skill level 1 in Air Magic
 10890 | D:9      | Noticed a death yak
 10891 | D:9      | Killed a death yak
 10892 | D:9      | Reached skill level 2 in Spellcasting
 10892 | D:9      | Reached skill level 2 in Summonings
 10892 | D:9      | Reached skill level 2 in Air Magic
 10892 | D:9      | Reached XP level 12. HP: 54/100 MP: 12/17
 11145 | D:9      | Reached ****** piety under Cheibriados
 11208 | D:9      | Found Ciextaq's Antique Weapon Shop.
 11433 | D:9      | Found a staircase to the Lair.
 11451 | D:9      | Reached skill level 3 in Summonings
 11537 | D:9      | Reached skill level 3 in Air Magic
 11587 | D:9      | Found Araud's Book Boutique.
 11589 | D:9      | Found Ramnum's Weapon Shoppe.
 11626 | D:9      | Found Qumug's General Store.
 11686 | D:9      | Found a shimmering altar of Xom.
 11688 | D:9      | Found a white marble altar of Elyvilon.
 11690 | D:9      | Found a burning altar of Makhleb.
 11811 | D:8      | Reached skill level 3 in Spellcasting
 11916 | D:9      | Noticed a tengu warrior
 11940 | D:9      | Killed a tengu warrior
 12178 | D:8      | Killed a death yak
 12179 | D:8      | Reached skill level 4 in Summonings
 12179 | D:8      | Reached skill level 4 in Air Magic
 12186 | D:8      | Killed a death yak
 12494 | D:9      | Reached skill level 4 in Spellcasting
 12578 | D:9      | Noticed a two-headed ogre
 12595 | D:9      | Killed a two-headed ogre
 12596 | D:9      | Reached skill level 12 in Fighting
 12596 | D:9      | Reached skill level 5 in Air Magic
 12865 | D:9      | Reached skill level 5 in Summonings
 13131 | D:8      | Killed a death yak
 13573 | D:9      | Upgraded the game from bcrawl-1.33-1-ga1336d5a09 to
                  | bcrawl-1.33.1b
 13581 | Lair:1   | Entered Level 1 of the Lair of Beasts
 14136 | Lair:1   | Reached skill level 5 in Spellcasting
 14136 | Lair:1   | Reached XP level 13. HP: 89/108 MP: 20/20
 14140 | Lair:1   | Reached skill level 6 in Summonings
 14140 | Lair:1   | Reached skill level 6 in Air Magic
 14540 | D:9      | Reached skill level 7 in Summonings
 14630 | D:9      | Bought an ancient battleaxe for 207 gold pieces
 14635 | D:9      | Identified the +7 battleaxe of Amortisation {drain, rElec
                  | Str+4} (You bought it in a shop on level 9 of the Dungeon)
 14931 | Lair:1   | Reached skill level 1 in Axes
 15587 | Lair:2   | Reached skill level 2 in Axes
 15661 | Lair:2   | Noticed a five-headed hydra
 15669 | Lair:2   | Killed a five-headed hydra
 15765 | Lair:2   | Found a hole to the Spider Nest.
 15950 | Lair:2   | Reached skill level 3 in Axes
 15950 | Lair:2   | Reached skill level 8 in Summonings
 16028 | Lair:2   | Reached skill level 4 in Axes
 16328 | Lair:2   | Identified a scroll of acquirement
 16329 | Lair:2   | Identified the +0 scale mail of the Game of Kings {Int+2}
                  | (You acquired it on level 2 of the Lair of Beasts)
 16329 | Lair:2   | Identified the Volume of Harmful Translocation (You
                  | acquired it on level 2 of the Lair of Beasts)
 16332 | Lair:2   | Got a bloodstained rapier {@q1}
 16333 | Lair:2   | Identified the +5 rapier of Tiej {drain, rElec Str+7 Int-3
                  | Stlth-, @q1} (You found it on level 2 of the Lair of
                  | Beasts)
 16496 | Lair:2   | Reached skill level 5 in Axes
 16595 | Lair:3   | Reached skill level 6 in Axes
 17887 | Lair:4   | Identified the Handbook of the Lonely Nightingales (You
                  | acquired it on level 4 of the Lair of Beasts)
 18174 | Lair:4   | Reached skill level 7 in Air Magic
 18177 | Lair:4   | Reached skill level 7 in Axes
 18381 | Lair:4   | Reached skill level 9 in Summonings
 18493 | Lair:4   | Found a staircase to the Shoals.
 19180 | Lair:5   | Found a viscous altar of Jiyva.
 19181 | Lair:5   | Found a staircase to the Slime Pits.
 19221 | Lair:5   | Reached XP level 14. HP: 93/115 MP: 17/21
 19327 | Lair:5   | Reached skill level 8 in Axes
 19440 | Lair:5   | Reached skill level 10 in Summonings
 19452 | Lair:5   | Reached skill level 9 in Axes
 20102 | Lair:6   | Entered Level 6 of the Lair of Beasts
 20113 | Lair:6   | Reached skill level 10 in Axes
 20184 | Lair:6   | Noticed an entropy weaver
 20191 | Lair:6   | Killed an entropy weaver
 20237 | Lair:6   | Noticed an entropy weaver
 20243 | Lair:6   | Killed an entropy weaver
 20244 | Lair:6   | Reached skill level 11 in Axes
 20685 | Lair:6   | Reached skill level 12 in Axes
 21451 | Lair:6   | Reached XP level 15. HP: 120/120 MP: 23/23
 21466 | Lair:6   | Reached skill level 6 in Spellcasting
 21592 | Lair:6   | Reached skill level 11 in Summonings
 21681 | Lair:6   | Noticed Urug
 21691 | Lair:6   | Killed Urug
 21988 | Lair:6   | Reached skill level 7 in Spellcasting
 22441 | Lair:1   | Reached skill level 8 in Armour
 22662 | D:9      | Bought a scroll of teleportation for 39 gold pieces
 22662 | D:9      | Bought a potion of heal wounds for 65 gold pieces
 22720 | D:9      | Bought a scroll of teleportation for 42 gold pieces
 22720 | D:9      | Bought a scroll of teleportation for 42 gold pieces
 22720 | D:9      | Bought a scroll of fear for 70 gold pieces
 22720 | D:9      | Bought a scroll of fear for 70 gold pieces
 22739 | D:10     | Entered Level 10 of the Dungeon
 22999 | D:10     | Reached skill level 9 in Armour
 23032 | D:10     | Found a staircase to the Orcish Mines.
 23740 | D:11     | Found a gate to the Vaults.
 23764 | D:11     | Reached skill level 13 in Fighting
 23767 | D:11     | Reached skill level 1 in Dodging
 23974 | D:11     | Noticed Kirke
 23987 | D:11     | Killed Kirke
 23988 | D:11     | Reached skill level 13 in Axes
 23988 | D:11     | Reached skill level 2 in Dodging
 24065 | D:11     | Got a polished medium shield
 24072 | D:11     | Identified the +4 medium shield "Zamun" {rPois rC+ Int-2}
                  | (You found it on level 11 of the Dungeon)
 24235 | D:11     | Reached skill level 3 in Dodging
 24549 | D:12     | Entered Level 12 of the Dungeon
 24596 | D:12     | Found a frozen archway.
 24608 | IceCv    | Entered an ice cave
 24617 | IceCv    | Reached XP level 16. HP: 130/130 MP: 26/26
 25296 | D:12     | Noticed Roxanne
 25531 | D:12     | Reached skill level 4 in Dodging
 25768 | D:12     | Reached skill level 10 in Armour
 26070 | D:12     | Found a staircase to the Depths.
 26071 | D:12     | Noticed a frost giant
 26222 | D:12     | Killed a frost giant
 26223 | D:12     | Reached skill level 5 in Dodging
 26567 | Orc      | Entered the Orcish Mines
 26786 | Orc      | Found Paf Ser's General Store.
 26786 | Orc      | Found a staircase to the Elven Halls.
 26944 | Orc      | Bought a potion of heal wounds for 65 gold pieces
 26944 | Orc      | Bought a potion of heal wounds for 65 gold pieces
 26944 | Orc      | Bought a potion of curing for 32 gold pieces
 27546 | Orc      | Found Dotragut's Gadget Shoppe.
 27546 | Orc      | Found Ocrakhok's Assorted Antiques.
 27576 | Orc      | Found a roughly hewn altar of Beogh.
 27623 | Orc      | Noticed Josephine
 27634 | Orc      | Reached skill level 6 in Dodging
 27822 | Orc      | Killed Josephine
 27831 | Orc      | Reached skill level 14 in Axes
 27992 | Orc      | Found a runed translucent gate.
 27993 | Orc      | Found a runed translucent gate.
 27994 | Orc      | Found a runed translucent gate.
 27996 | Orc      | Noticed cunnyseur's ghost (journeyman TrSu)
 28217 | Orc      | Found Foif's Magic Scroll Shoppe.
 28217 | Orc      | Found Ikkovuar's General Store.
 28222 | Orc      | Bought a scroll of teleportation for 54 gold pieces
 28222 | Orc      | Bought a scroll of fog for 36 gold pieces
 28222 | Orc      | Bought a scroll of fog for 36 gold pieces
 28231 | Orc      | Bought a potion of heal wounds for 65 gold pieces
 28408 | D:7      | Learned a level 6 spell: Deflect Missiles
 28721 | Spider:1 | Entered Level 1 of the Spider Nest
 28894 | Spider:1 | Reached skill level 1 in Charms
 28895 | Spider:1 | Reached skill level 11 in Armour
 29180 | Spider:1 | Reached skill level 2 in Charms
 29475 | Spider:2 | Reached skill level 7 in Dodging
 29481 | Spider:2 | Reached skill level 3 in Charms
 29616 | Spider:2 | Reached skill level 8 in Air Magic
 29731 | Spider:2 | Reached XP level 17. HP: 123/136 MP: 21/27
 29811 | Spider:2 | Reached skill level 4 in Charms
 30262 | Spider:3 | Entered Level 3 of the Spider Nest
 30275 | Spider:3 | Reached skill level 5 in Charms
 30709 | Spider:3 | Noticed Louise
 30719 | Spider:3 | Killed Louise
 30720 | Spider:3 | Noticed Jorgrun
 30732 | Spider:3 | Killed Jorgrun
 30922 | Spider:3 | Reached skill level 15 in Axes
 31447 | D:9      | Bought a book of Battle for 560 gold pieces
 31450 | D:9      | Learned a level 2 spell: Song of Slaying
 31454 | D:9      | Learned a level 3 spell: Regeneration
 31458 | D:9      | Learned a level 3 spell: Spectral Weapon
 31574 | Spider:3 | Reached skill level 6 in Charms
 31645 | Spider:3 | Reached skill level 5 in Evocations
 31647 | Spider:3 | Reached skill level 1 in Necromancy
 31711 | Spider:3 | Reached skill level 3 in Hexes
 31955 | Spider:3 | Reached skill level 2 in Necromancy
 31964 | Spider:3 | Reached skill level 8 in Invocations
 32073 | Spider:3 | Reached skill level 3 in Necromancy
 32073 | Spider:3 | Reached skill level 6 in Evocations
 32120 | Spider:3 | Got a gossamer rune of Zot
 32195 | Spider:3 | Reached skill level 4 in Hexes
 33125 | Vaults:1 | Entered Level 1 of the Vaults
 33538 | Vaults:1 | Reached skill level 4 in Necromancy
 33683 | Vaults:1 | Reached skill level 9 in Invocations
 33687 | Vaults:1 | Reached skill level 8 in Spellcasting
 33959 | Vaults:1 | Reached XP level 18. HP: 51/143 MP: 2/30
 34709 | Vaults:1 | Noticed Frederick
 34716 | Vaults:1 | Killed Frederick
 34717 | Vaults:1 | Reached skill level 10 in Invocations
 34725 | Vaults:1 | Reached skill level 9 in Spellcasting
 34832 | Vaults:1 | Noticed Sojobo
 34849 | Vaults:1 | Killed Sojobo
 34850 | Vaults:1 | Reached skill level 8 in Dodging
 35214 | Vaults:1 | Noticed Rupert
 35221 | Vaults:1 | Killed Rupert
 35390 | Vaults:1 | Reached skill level 12 in Armour
 35397 | Vaults:1 | Reached skill level 9 in Dodging
 35570 | Vaults:1 | Reached skill level 10 in Dodging
 36177 | Vaults:2 | Identified the +8 scale mail of Too Many Cooks {Stlth+}
 36253 | Vaults:2 | Reached skill level 11 in Dodging
 36351 | Vaults:2 | Found a shimmering blue altar of Sif Muna.
 36501 | Vaults:2 | Identified the ring of Gozag's Esteem {Ice Int+3}
 36614 | Vaults:1 | Reached skill level 12 in Dodging
 36715 | Vaults:2 | Reached XP level 19. HP: 116/149 MP: 16/32
 37328 | Vaults:2 | Reached skill level 14 in Fighting
 37466 | Vaults:2 | Found a staircase to the Crypt.
 37466 | Vaults:2 | Found an ancient bone altar of Kikubaaqudgha.
 37467 | Vaults:2 | Found a basalt altar of Yredelemnul.
 37574 | Vaults:2 | Reached skill level 11 in Invocations
 37966 | Vaults:2 | Found Vowk's Armour Shop.
 38153 | Vaults:2 | Reached skill level 12 in Invocations
 38654 | Shoals:1 | Entered Level 1 of the Shoals
 39024 | Shoals:1 | Reached skill level 15 in Fighting
 39766 | Orc      | Bought a scroll of enchant weapon for 135 gold pieces
 39766 | Orc      | Bought a scroll of enchant weapon for 135 gold pieces
 40228 | Shoals:2 | Reached XP level 20. HP: 127/162 MP: 24/33
 40627 | Shoals:2 | Noticed Polyphemus
 40973 | Shoals:2 | Killed Polyphemus
 41024 | Shoals:2 | Reached skill level 7 in Shields
 41215 | Shoals:3 | Entered Level 3 of the Shoals
 41237 | Shoals:3 | Noticed Aizul
 41624 | Shoals:3 | Noticed Mara
 41711 | Shoals:3 | Identified the amulet of Vehumet's Generosity {Regen
                  | *Corrode rC+ Dex+3}
 42248 | Shoals:3 | Killed Aizul
 42354 | Shoals:3 | Noticed Artagas's illusion
 42363 | Shoals:3 | Killed Mara
 42364 | Shoals:3 | Reached skill level 8 in Shields
 42364 | Shoals:3 | Reached skill level 12 in Summonings
 42717 | Shoals:3 | Reached skill level 16 in Fighting
 42749 | Shoals:3 | Reached skill level 9 in Shields
 43481 | Shoals:3 | Got a barnacled rune of Zot
 43720 | Elf:1    | Entered Level 1 of the Elven Halls
 43890 | Elf:1    | Found Joaf's Antique Armour Emporium.
 43892 | Elf:1    | Found Bung's Food Shoppe.
 43896 | Elf:1    | Found Ecwoihar's Food Emporium.
 43899 | Elf:1    | Bought the +0 pair of fencer's gloves {Riposte Dex+6} for
                  | 1080 gold pieces
 43899 | Elf:1    | Found the +0 pair of fencer's gloves {Riposte Dex+6}
 43909 | Elf:1    | Bought a polished chain mail for 228 gold pieces
 43909 | Elf:1    | Identified the +1 chain mail "Peaj" {Int+2 Dex+2} (You
                  | bought it in a shop on level 1 of the Elven Halls)
 43943 | Elf:1    | Noticed Saint Roka
 43957 | Elf:1    | Reached skill level 10 in Shields
 43973 | Elf:1    | Killed Saint Roka
 44828 | Elf:1    | Noticed a Hell Sentinel
 45000 | Elf:1    | Noticed an Ice Fiend
 45004 | Elf:1    | Reached skill level 13 in Dodging
 45085 | Elf:1    | Found a runed translucent gate.
 45085 | Elf:1    | Found a runed translucent gate.
 45085 | Elf:1    | Found a runed translucent gate.
 45085 | Elf:1    | Found a runed translucent gate.
 45085 | Elf:1    | Found a runed translucent gate.
 45113 | Elf:1    | Found a runed translucent gate.
 45216 | Elf:1    | Reached XP level 21. HP: 171/171 MP: 34/34
 45651 | Elf:2    | Found a huge runed gate.
 45651 | Elf:2    | Found a huge runed gate.
 45651 | Elf:2    | Found a huge runed gate.
 45655 | Elf:2    | Found a huge runed gate.
 45662 | Elf:2    | Found a huge runed gate.
 45708 | Elf:2    | Reached skill level 14 in Dodging
 45747 | Elf:2    | Found Pixt's Book Shoppe.
 45759 | Elf:2    | Bought a book of Summonings for 1190 gold pieces
 45765 | Elf:2    | Learned a level 5 spell: Summon Mana Viper
 45772 | Elf:2    | Learned a level 7 spell: Shadow Creatures
 46147 | Elf:2    | Identified the +4 trident of the Forgotten Places {protect,
                  | rF+} (You acquired it on level 2 of the Elven Halls)
 46147 | Elf:2    | Identified the Handbook of Creative Hexes (You acquired it
                  | on level 2 of the Elven Halls)
 46902 | Elf:2    | Reached skill level 13 in Summonings
 47383 | Elf:3    | Entered Level 3 of the Elven Halls
 47470 | Elf:3    | Found Vedar's Magic Scroll Shoppe.
 47478 | Elf:3    | Bought a scroll of teleportation for 42 gold pieces
 47478 | Elf:3    | Bought a scroll of teleportation for 42 gold pieces
 47541 | Elf:3    | Found Bagaqud's Book Boutique.
 47548 | Elf:3    | Found Bazxurex's Antique Armour Shoppe.
 47556 | Elf:3    | Bought a bronze plate armour for 980 gold pieces
 47556 | Elf:3    | Identified the cursed +0 plate armour "Juanei" {rN+ Str+3}
                  | (You bought it in a shop on level 3 of the Elven Halls)
 47557 | Elf:3    | Bought a shiny helmet for 262 gold pieces
 47998 | Elf:3    | Reached skill level 14 in Summonings
 48044 | Elf:3    | Noticed Bai Suzhen
 48537 | Depths:1 | Entered Level 1 of the Depths
 48537 | Depths:1 | Found a gateway to Hell.
 48854 | Depths:1 | Reached skill level 15 in Summonings
 49001 | Depths:1 | Noticed a rockslime
 49009 | Depths:1 | Killed a rockslime
 49219 | Depths:1 | Found Zezetuff's Magic Scroll Shop.
 49228 | Depths:1 | Bought a scroll of fog for 28 gold pieces
 49228 | Depths:1 | Bought a scroll of teleportation for 42 gold pieces
 49228 | Depths:1 | Bought a scroll of teleportation for 42 gold pieces
 49228 | Depths:1 | Bought a scroll of teleportation for 42 gold pieces
 49228 | Depths:1 | Bought a scroll of teleportation for 42 gold pieces
 49270 | Depths:1 | Identified the +4 chain mail of Fyupt {*Drain Int+2 Dex+5}
 49598 | Depths:1 | Found a one-way gate leading to the halls of Pandemonium.
 49684 | Depths:1 | Upgraded the game from bcrawl-1.33.1b to bcrawl-1.34
 49779 | Depths:2 | Found a one-way gate to the infinite horrors of the Abyss.
 49802 | Depths:2 | Learned a level 1 spell: Infusion
 49889 | Depths:2 | Learned a level 5 spell: Aura of Abjuration
 50160 | Depths:2 | Reached XP level 22. HP: 170/178 MP: 20/35
 50165 | Depths:2 | Reached skill level 16 in Summonings
 50314 | Depths:2 | Reached skill level 10 in Spellcasting
 50385 | Depths:2 | Noticed a rockslime
 50403 | Depths:2 | Killed a rockslime
 50580 | Depths:2 | Reached skill level 11 in Spellcasting
 51054 | Depths:2 | Identified the cursed ring of Tereoskaple {+Fly Stlth--}
 52042 | Depths:3 | Identified the +4 trident of Vengeance {antimagic, rC+}
 52151 | Depths:3 | Reached skill level 7 in Charms
 52201 | Depths:3 | Identified the +5 short sword of the Sneaky Beds {freeze,
                  | MR+ Int+4}
 52270 | Depths:3 | Noticed a rockslime
 52349 | Depths:3 | Killed a rockslime
 52947 | Shoals:1 | Reached skill level 7 in Evocations
 53237 | Shoals:1 | Identified the +6 scale mail of Ghostly Freedom {MR+}
 53747 | Crypt:1  | Entered Level 1 of the Crypt
 54185 | Crypt:1  | Reached skill level 8 in Charms
 54948 | Depths:3 | HP: 25/178 [spriggan air mage/the air (22)]
 55109 | Depths:3 | Reached skill level 8 in Evocations
 55109 | Depths:3 | Reached XP level 23. HP: 184/184 MP: 32/38
 55149 | Depths:3 | Reached skill level 13 in Invocations
 55584 | Depths:3 | Upgraded the game from bcrawl-1.34 to bcrawl-1.34.1
 55661 | Depths:3 | Reached skill level 9 in Charms
 55918 | Depths:3 | Reached skill level 17 in Summonings
 56341 | Depths:4 | Noticed a Killer Klown
 56360 | Depths:3 | Killed a Killer Klown
 56491 | Depths:4 | Reached skill level 10 in Charms
 56493 | Depths:4 | Reached skill level 14 in Invocations
 56875 | Depths:4 | Reached skill level 18 in Summonings
 57329 | Depths:4 | Identified the +9 fustibalus "Fuaggapo" {venom, Str+6}
 57438 | Depths:4 | Found a corrupted altar of Lugonu.
 57974 | Depths:5 | Entered Level 5 of the Depths
 58065 | Depths:5 | Reached XP level 24. HP: 191/191 MP: 7/38
 58071 | Depths:5 | Noticed a juggernaut
 58251 | Depths:5 | Noticed a juggernaut
 58263 | Depths:5 | Killed a juggernaut
 58264 | Depths:5 | Reached skill level 12 in Spellcasting
 58389 | Depths:5 | Reached skill level 19 in Summonings
 58608 | Depths:5 | Identified the ring "Zeczewui" {+Fly Str+4}
 59142 | Depths:5 | Found a gate to the Realm of Zot.
 59606 | Depths:5 | Found a gateway to a ziggurat.
 59798 | Depths:5 | Killed a juggernaut
 60651 | Elf:3    | Identified the ring "Luhar" {+Fly MR+}
 60768 | Elf:3    | Identified the +6 short sword of Conversion {flame, +Rage}
 60783 | Elf:3    | Reached skill level 11 in Shields
 60848 | Elf:3    | Learned a level 7 spell: Monstrous Menagerie
 60909 | Elf:3    | Identified the ring of Xovaff {+Fly rElec Int+5 Dex-3}
 60919 | Elf:3    | Reached skill level 13 in Armour
 61172 | Elf:3    | Reached skill level 15 in Dodging
 62052 | Elf:3    | Identified the +9 halberd "Zoelimpo" {freeze, rC- MR+ MP+9}
 62079 | Elf:3    | Found the +0 mask of the Dragon {MR+ Slay+3 SInv}
 62192 | Elf:3    | Killed Bai Suzhen
 63350 | Elf:3    | Found Sechonen's Assorted Antiques.
 63354 | Elf:3    | Bought a scroll of blinking for 285 gold pieces
 64137 | Crypt:1  | Reached skill level 12 in Shields
 64383 | Crypt:1  | Reached skill level 14 in Armour
 64383 | Crypt:1  | Reached XP level 25. HP: 197/197 MP: 39/39
 65046 | Crypt:2  | Entered Level 2 of the Crypt
 65376 | Vaults:3 | Entered Level 3 of the Vaults
 65483 | Vaults:3 | Noticed a juggernaut
 65491 | Vaults:3 | Reached skill level 17 in Fighting
 65921 | Vaults:3 | Got a silver rune of Zot
 66204 | Vaults:3 | Reached skill level 18 in Fighting
 66505 | Vaults:3 | Killed a juggernaut
 67313 | Vaults:3 | Reached XP level 26. HP: 211/211 MP: 39/39
 67358 | Vaults:3 | Reached skill level 13 in Shields
 67435 | Vaults:3 | Reached skill level 15 in Armour
 67455 | Vaults:3 | Reached skill level 16 in Dodging
 67822 | Vaults:3 | Reached skill level 16 in Armour
 67889 | Vaults:3 | Identified the +5 hunting sling of the Final Chapter
                  | {flame, *Slow Int+5}
 68492 | Vaults:3 | Identified Caozin's Reference Book on Evil Rituals and
                  | Intoxication
 68601 | Vaults:3 | Reached skill level 9 in Evocations
 68693 | Vaults:3 | Identified the Handbook of the Entrancing Escort
 68976 | Vaults:3 | Found Kial Xeumm's Food Shop.
 69193 | D:7      | Bought an embroidered cloak for 165 gold pieces
 69193 | D:7      | Bought 2 scrolls of fog for 88 gold pieces
 69193 | D:7      | Bought a scroll of enchant armour for 165 gold pieces
 70368 | Zot:1    | Entered Level 1 of the Realm of Zot
 70732 | Elf:3    | Bought a book of Burglary for 1125 gold pieces
 70748 | Elf:3    | Bought a scroll of amnesia for 49 gold pieces
 70756 | Elf:3    | Learned a level 6 spell: Invisibility
 71298 | Zot:1    | Reached skill level 5 in Hexes
 71334 | Zot:1    | Noticed a golden dragon
 71362 | Zot:1    | Killed a golden dragon
 71363 | Zot:1    | Reached skill level 6 in Hexes
 71690 | Zot:1    | Reached skill level 7 in Hexes
 71859 | Zot:1    | Reached skill level 8 in Hexes
 72399 | Zot:2    | Reached skill level 9 in Hexes
 72462 | Zot:1    | Reached skill level 10 in Hexes
 72773 | Zot:2    | Noticed a golden dragon
 72782 | Zot:2    | Reached XP level 27. HP: 214/217 MP: 28/39
 72785 | Zot:2    | Reached skill level 11 in Hexes
 72798 | Zot:2    | Killed a golden dragon
 73163 | Zot:2    | Reached skill level 12 in Hexes
 73446 | Zot:2    | Reached skill level 13 in Hexes
 73566 | Zot:2    | Noticed a golden dragon
 73577 | Zot:2    | Killed a golden dragon
 73626 | Zot:2    | Noticed a golden dragon
 73641 | Zot:2    | Killed a golden dragon
 73997 | Zot:3    | Noticed a golden dragon
 74009 | Zot:3    | Killed a golden dragon
 74011 | Zot:3    | Noticed a golden dragon
 74025 | Zot:3    | Reached skill level 14 in Hexes
 74032 | Zot:3    | Killed a golden dragon
 74114 | Zot:4    | Reached skill level 13 in Spellcasting
 74242 | Zot:4    | Noticed a golden dragon
 74303 | Zot:4    | Reached skill level 10 in Evocations
 74394 | Zot:5    | Entered Level 5 of the Realm of Zot
 74986 | Zot:5    | Noticed a Killer Klown
 74986 | Zot:5    | Noticed a golden dragon
 75011 | Zot:5    | Killed a golden dragon
 75014 | Zot:5    | Killed a Killer Klown
 75402 | Zot:5    | Noticed an orb of fire
 75421 | Zot:5    | Gained mutation: Your flesh is heat resistant. (rF+) [an
                  | orb of fire]
 75428 | Zot:5    | Killed an orb of fire
 75429 | Zot:5    | Reached skill level 14 in Shields
 75462 | Zot:5    | Noticed an ancient lich
 75477 | Zot:5    | Killed an ancient lich
 75479 | Zot:5    | Noticed an orb of fire
 75488 | Zot:5    | Gained mutation: Your spells are a little easier to cast,
                  | but a little less powerful. [an orb of fire]
 75494 | Zot:5    | Killed an orb of fire
 75524 | Zot:5    | Noticed an ancient lich
 75546 | Zot:5    | Killed an ancient lich
 75547 | Zot:5    | Reached skill level 17 in Armour
 75547 | Zot:5    | Reached skill level 17 in Dodging
 75664 | Zot:5    | Noticed a Killer Klown
 75672 | Zot:5    | Killed a Killer Klown
 75893 | Zot:5    | Noticed an ancient lich
 75918 | Zot:5    | Killed an ancient lich
 76060 | Zot:5    | Learned a level 7 spell: Monstrous Menagerie
 76346 | Zot:5    | Noticed an orb of fire
 76351 | Zot:5    | Gained mutation: Your body sometimes deteriorates upon
                  | taking damage. [an orb of fire]
 76367 | Zot:5    | Killed an orb of fire
 76490 | Zot:5    | Noticed an orb of fire
 76494 | Zot:5    | Gained mutation: Your magical capacity is low. (-10% MP)
                  | [an orb of fire]
 76502 | Zot:5    | Killed an orb of fire
 76640 | Zot:5    | Noticed a Killer Klown
 76653 | Zot:5    | Killed a Killer Klown
 76694 | Zot:5    | Noticed an ancient lich
 76700 | Zot:5    | Killed an ancient lich
 76701 | Zot:5    | Reached skill level 15 in Shields
 76927 | Zot:5    | Noticed an orb of fire
 76933 | Zot:5    | Gained mutation: Your mind is acute. (Int +2) [an orb of
                  | fire]
 76944 | Zot:5    | Gained mutation: You do not regenerate when monsters are
                  | visible. [an orb of fire]
 76947 | Zot:5    | Gained mutation: You are occasionally teleported next to
                  | monsters. [an orb of fire]
 76952 | Zot:5    | Killed an orb of fire
 76953 | Zot:5    | Reached skill level 18 in Armour
 76953 | Zot:5    | Reached skill level 18 in Dodging
 76953 | Zot:5    | Lost mutation: Your body sometimes deteriorates upon taking
                  | damage. [potion of mutation]
 76953 | Zot:5    | Lost mutation: Your spells are a little easier to cast, but
                  | a little less powerful. [potion of mutation]
 76953 | Zot:5    | Lost mutation: Your flesh is heat resistant. (rF+) [potion
                  | of mutation]
 76953 | Zot:5    | Lost mutation: Your magical capacity is low. (-10% MP)
                  | [potion of mutation]
 76953 | Zot:5    | Gained mutation: Your flesh is cold resistant. (rC+)
                  | [potion of mutation]
 76953 | Zot:5    | Gained mutation: Scrolls take you a little longer to read.
                  | [potion of mutation]
 76953 | Zot:5    | Gained mutation: Your movements are slightly less
                  | encumbered by armour. (ER -2) [potion of mutation]
 76954 | Zot:5    | Lost mutation: Scrolls take you a little longer to read.
                  | [potion of mutation]
 76954 | Zot:5    | Lost mutation: Your mind is acute. (Int +2) [potion of
                  | mutation]
 76954 | Zot:5    | Gained mutation: You expend magic power (3 MP) to
                  | strengthen your wands. [potion of mutation]
 76954 | Zot:5    | Gained mutation: Your mind is acute. (Int +2) [potion of
                  | mutation]
 76954 | Zot:5    | Gained mutation: You have an increased reservoir of magic.
                  | (+10% MP) [potion of mutation]
 76955 | Zot:5    | Lost mutation: You expend magic power (3 MP) to strengthen
                  | your wands. [potion of mutation]
 76955 | Zot:5    | Lost mutation: You do not regenerate when monsters are
                  | visible. [potion of mutation]
 76955 | Zot:5    | Lost mutation: Your mind is acute. (Int +2) [potion of
                  | mutation]
 76955 | Zot:5    | Gained mutation: Your muscles are strong. (Str +2) [potion
                  | of mutation]
 76955 | Zot:5    | Gained mutation: Your body sometimes deteriorates upon
                  | taking damage. [potion of mutation]
 76955 | Zot:5    | Gained mutation: You tend to lose your temper in combat.
                  | [potion of mutation]
 76955 | Zot:5    | Gained mutation: Your muscles are very strong. (Str +4)
                  | [potion of mutation]
 76956 | Zot:5    | Lost mutation: Your body sometimes deteriorates upon taking
                  | damage. [potion of mutation]
 76956 | Zot:5    | Lost mutation: You tend to lose your temper in combat.
                  | [potion of mutation]
 76956 | Zot:5    | Lost mutation: Your muscles are very strong. (Str +4)
                  | [potion of mutation]
 76956 | Zot:5    | Gained mutation: Armour fits poorly on your strangely
                  | shaped body. [potion of mutation]
 76956 | Zot:5    | Gained mutation: You possess an exceptional clarity of
                  | mind. [potion of mutation]
 76956 | Zot:5    | Lost mutation: You possess an exceptional clarity of mind.
                  | [potion of mutation]
 76956 | Zot:5    | Gained mutation: You are partially covered in rugged brown
                  | scales. (AC +1, +3% HP) [potion of mutation]
 76957 | Zot:5    | Lost mutation: Armour fits poorly on your strangely shaped
                  | body. [potion of mutation]
 76957 | Zot:5    | Lost mutation: Your muscles are strong. (Str +2) [potion of
                  | mutation]
 76957 | Zot:5    | Lost mutation: You are occasionally teleported next to
                  | monsters. [potion of mutation]
 76957 | Zot:5    | Gained mutation: You are frail. (-10% HP) [potion of
                  | mutation]
 76957 | Zot:5    | Gained mutation: You are very frail. (-20% HP) [potion of
                  | mutation]
 76957 | Zot:5    | Lost mutation: You have an increased reservoir of magic.
                  | (+10% MP) [potion of mutation]
 76957 | Zot:5    | Gained mutation: You are partially covered in molten
                  | scales. (AC +2) [potion of mutation]
 77000 | Zot:5    | Noticed an ancient lich
 77012 | Zot:5    | Killed an ancient lich
 78745 | Zot:5    | Got the Orb of Zot
 79203 | D:12     | Reached skill level 19 in Dodging
 79213 | D:12     | Reached skill level 19 in Armour
 79225 | D:12     | Noticed Woitapn the pandemonium lord
 79234 | D:12     | Killed Woitapn the pandemonium lord
 79242 | D:12     | Lost mutation: Your flesh is cold resistant. (rC+) [potion
                  | of mutation]
 79242 | D:12     | Lost mutation: You are partially covered in molten scales.
                  | (AC +2) [potion of mutation]
 79242 | D:12     | Lost mutation: Your movements are slightly less encumbered
                  | by armour. (ER -2) [potion of mutation]
 79242 | D:12     | Gained mutation: Your body sometimes deteriorates upon
                  | taking damage. [potion of mutation]
 79242 | D:12     | Gained mutation: You are resistant to hostile enchantments.
                  | (MR+) [potion of mutation]
 79242 | D:12     | Lost mutation: You are very frail. (-20% HP) [potion of
                  | mutation]
 79392 | D:5      | Noticed Nakuon the pandemonium lord
 79514 | D:$      | Escaped with the Orb!

Skill      XL: |  1  2  3  4  5  6  7  8  9 10 11 12 13 14 15 16 17 18 19 20 21 22 23 24 25 26 27 |
---------------+----------------------------------------------------------------------------------+-----
Polearms       | 3 4 5 6 7 9 10 | 10.5
Fighting       | 3 4 5 7 8 11 12 13 15 16 18 | 18.9
Armour         | 2 4 5 7 9 11 12 14 16 19 | 19.1
Evocations     | 2 3 4 6 8 9 10 | 10.0
Invocations    | 4 5 6 7 9 10 12 14 | 14.0
Shields        | 6 10 12 13 15 | 15.0
Summonings     | 2 5 9 10 11 12 15 16 18 19 | 19.0
Air Magic      | 2 5 7 8 |  8.0
Spellcasting   | 2 5 7 8 9 11 12 13 | 13.0
Axes           | 7 12 13 14 15 | 15.0
Dodging        | 3 7 12 13 14 15 16 19 | 19.1
Charms         | 3 6 8 10 | 10.0
Necromancy     | 4 |  4.0
Hexes          | 4 10 14 | 14.0
Stealth        | |  3.6

Action                   |  1- 3 |  4- 6 |  7- 9 | 10-12 | 13-15 | 16-18 | 19-21 | 22-24 | 25-27 || total
-------------------------+-------+-------+-------+-------+-------+-------+-------+-------+-------++-------
Melee: Spear             |   128 |   179 |   127 |       |       |       |       |       |       ||   434
       Trident           |       |       |   298 |   975 |    52 |       |       |       |       ||  1325
       Battleaxe         |       |       |       |       |   653 |   761 |   288 |       |       ||  1702
       Demon trident     |       |       |       |       |       |       |   838 |  1021 |  1515 ||  3374
 Fire: Hunting sling     |       |     7 |    14 |       |       |       |       |       |       ||    21
       Fustibalus        |       |       |    23 |    67 |       |       |       |       |       ||    90
Throw: Stone             |     6 |     4 |       |       |       |       |       |       |       ||    10
       Tomahawk          |       |       |       |    23 |    13 |    80 |    26 |     2 |       ||   144
 Cast: Summon Lightning  |       |       |       |       |    22 |    50 |    58 |    45 |    50 ||   225
       Deflect Missiles  |       |       |       |       |       |     1 |       |    11 |       ||    12
       Spectral Weapon   |       |       |       |       |       |    14 |    38 |    26 |    18 ||    96
       Song of Slaying   |       |       |       |       |       |    10 |     7 |       |     4 ||    21
       Regeneration      |       |       |       |       |       |     4 |     3 |     9 |    11 ||    27
       Shadow Creatures  |       |       |       |       |       |       |     6 |    26 |    21 ||    53
       Summon Mana Viper |       |       |       |       |       |       |     3 |    64 |    25 ||    92
       Infusion          |       |       |       |       |       |       |     1 |    15 |    14 ||    30
       Aura of Abjuratio |       |       |       |       |       |       |       |     1 |     1 ||     2
       Monstrous Menager |       |       |       |       |       |       |       |       |    27 ||    27
       Invisibility      |       |       |       |       |       |       |       |       |     7 ||     7
Invok: Bend Time         |       |       |     4 |     6 |       |       |       |       |       ||    10
       Temporal Distorti |       |       |     1 |     1 |       |    24 |    16 |    21 |    16 ||    79
       Defer             |       |       |       |     1 |     2 |     2 |     2 |     4 |     1 ||    12
       Step From Time    |       |       |       |       |       |       |       |     1 |     2 ||     3
Evoke: Wand              |     1 |     8 |     2 |    11 |     1 |     2 |    16 |     6 |     6 ||    53
       Phial of floods   |       |       |       |       |     1 |     1 |     2 |       |     1 ||     5
       Lamp of fire      |       |       |       |       |       |     1 |     5 |       |     1 ||     7
       Box of beasts     |       |       |       |       |       |       |     1 |     1 |       ||     2
  Use: Scroll            |     2 |       |     6 |     9 |    14 |     7 |    13 |     6 |    20 ||    77
       Potion            |     1 |       |     1 |       |       |     4 |     3 |     5 |    17 ||    31
 Stab: Paralysed         |     4 |    26 |     6 |       |       |       |       |       |     2 ||    38
       Sleeping          |     2 |     1 |       |     1 |       |     3 |    11 |     2 |       ||    20
       Invisible         |     1 |       |       |       |       |       |       |       |    34 ||    35
       Distracted        |       |     1 |       |       |     4 |    11 |    21 |    33 |    39 ||   109
       Petrifying        |       |       |       |       |     1 |       |     3 |       |       ||     4
       Petrified         |       |       |       |       |       |       |    11 |       |       ||    11
       Confused          |       |       |       |       |       |       |     3 |     9 |       ||    12
  Eat: Chunk             |     5 |     7 |    13 |    31 |    52 |    34 |    57 |    41 |    26 ||   266
       Ration            |       |       |     2 |     3 |     1 |     7 |     2 |     9 |    15 ||    39
Armor: Ring mail         |    33 |    29 |       |       |       |       |       |       |       ||    62
       Robe              |     2 |       |       |       |       |       |       |       |       ||     2
       Chain mail        |       |    14 |   154 |       |       |       |       |       |       ||   168
       Plate armour      |       |       |   145 |   511 |   651 |       |       |       |       ||  1307
       Acid dragon scale |       |       |       |       |    14 |   261 |       |       |       ||   275
       Leather armour    |       |       |       |       |       |    70 |   164 |    35 |       ||   269
       Scale mail        |       |       |       |       |       |       |       |    96 |    52 ||   148
       Fire dragon scale |       |       |       |       |       |       |       |       |   123 ||   123
Dodge: Dodged            |    20 |    13 |    19 |    88 |   308 |   896 |   866 |   419 |   694 ||  3323
       Deflected         |       |       |       |       |       |    20 |    86 |    12 |    72 ||   190
Block: Medium shield     |    40 |    53 |   224 |   621 |    30 |       |   522 |   544 |   988 ||  3022
       Other             |       |       |       |       |       |    51 |    33 |       |       ||    84
       Reflection        |       |       |       |       |       |       |       |    29 |    44 ||    73
       Rpst.: Demon trident |       |       |       |       |       |       |    35 |    65 |    82 ||   182

Levels and vault maps discovered:
D:1:      minmay_arrival_checkered_box, layout_basic
D:2:      layout_loops_ring, uniq_robin, uniq_crazy_yiuf_cottage
D:3:      layout_loops_corners, first_ration, uniq_sigmund, uniq_natasha,
          uniq_grinder
D:4:      layout_cave_pools, serial_shops, shop
D:5:      minmay_opposing_rooms, layout_loops_ring, kennysheep_mini_moat
D:6:      layout_rooms, minmay_temple_entry_junction, gup_sewer_entry_glass,
          basic_altar, uniq_blork_the_orc
D:7:      layout_cave_pools, gammafunk_ghost_arena, enter_bailey_5,
          serial_shops, nicolae_shop_crystal, minmay_checkerbox
D:8:      layout_basic, grunt_dithmenos_smoke_and_mirrors, uniq_pikel
D:9:      minmay_polygon_palace, layout_small_grid,
          gammafunk_temple_overflow_forgotten, dpeg_lair_monsters, serial_shops,
          shop_scrolls, nicolae_shop_crystal, nicolae_shop_waterfront, shop,
          nicolae_shop_statue_plus
D:10:     layout_basic, zombieorc2_lemuel, hangedman_little_slice_of_home
D:11:     layout_roguey, lightli_vaults_fourway_checkpoint, uniq_kirke
D:12:     grunt_enter_depths_snipers, layout_irregular_city,
          portal_ice_cave_entry_pillars_1, minmay_misc_feat_enclosed,
          uniq_roxanne
Lair:1:   layout_cave_pods, guppyfry_lair_drakes, lemuel_fruit_fields,
          minmay_lair_oklob_chamber, serial_bayou_shore_b
Lair:2:   layout_cave_pods, nicolae_spider_entry_orb_guardian,
          serial_bayou_pond_a
Lair:3:   layout_layer_cave, serial_bayou_lake_a, lemuel_fruit_tree,
          lemuel_fruit_fields
Lair:4:   minmay_lair_venomous_thicket, layout_small_grid,
          elwin_shoals_entry_rooms, serial_bayou, serial_bayou_pond_e,
          serial_bayou_lagoon_a, serial_bayou_shore_b, serial_bayou_lagoon_b,
          ldierk_geyser
Lair:5:   lemuel_slime, layout_concentric_octagons, slime_altar_1,
          grunt_megastairs_4, infiniplex_staircase_pool
Lair:6:   grunt_lair_end_beastmaster, layout_big_grid, minmay_lair_oklob_items,
          minivault_29, uniq_urug
Shoals:1: nicolae_shoals_lighthouse, layout_shoals
Shoals:2: layout_shoals, uniq_polyphemus
Shoals:3: shoals_end_grunt_ice, layout_shoals, uniq_mara, uniq_aizul
Spider:1: layout_spider_delve
Spider:2: layout_spider_delve
Spider:3: spider_rune_water, nicolae_spider_circle_web, lemuel_hornet_nest,
          uniq_louise, uniq_jorgrun
Orc:      st_orc_town, layout_caves, gammafunk_ghost_split, serial_shops, shop,
          uniq_josephine
Elf:1:    minmay_elf_arrival_summoners, layout_geoelf_grid, orc_legates,
          minmay_strange_pillars, corexii_hall_statues_x, minmay_shop_star,
          uniq_saint_roka
Elf:2:    elven_hall_of_blades_hangedman_alternative [grunt_blade_entry_basic],
          layout_onion_city, serial_shops, shop_coins
Elf:3:    minmay_elf_hall_x, layout_geoelf_octagon, serial_shops, bzr_firewalk,
          shop_statue, nicolae_shop_overgrown_old_shop, shop,
          nicolae_shop_statue_plus, spider_trap, uniq_bai_suzhen
Vaults:1: nicolae_vaults_angled_halls, sword_in_stone, v_pattern_5,
          hangedman_vaults_locks, serial_ice_g, layout_vaults_omnigrid
Vaults:2: minmay_crypt_entry_necro_gods, nicolae_vaults_sealed_display,
          vaults_room_door_hall, v_misc_19, st_squares, v_alt_pattern_4,
          hangedman_vaults_stretched_pinwheel, nicolae_vaults_network_s,
          nicolae_vaults_little_squares_4, v_rooms_3, vaults_room_pools,
          layout_vaults_maze_bifur, basic_altar, serial_shops, shop_statue
Vaults:3: serial_shops
Crypt:1:  layout_regular_city, minivault_25, minmay_misc_feat_pillars,
          uniq_sojobo
Crypt:2:  david_glass_crypt, layout_misc_corridors, tomb_entry_simple_bobbens
Depths:1: layout_roguey, minmay_misc_feat_iff, rand_demon_pan_entry_9,
          hellmouth_3, serial_shops, shop_scrolls,
          chequers_serial_rivers_small_b, corexii_leaking_fountain,
          kennysheep_generic_room_12
Depths:2: minmay_curly_fans, layout_basic,
          nicolae_abyss_entry_one_way_or_another, infiniplex_staircase_zigzag_5,
          rand_demon_pan_entry_5, pf_coc_iceberg, serial_bayou_pond_a,
          minmay_hedge_maze, nrook_uturn, firewood_loft
Depths:3: minmay_box_of_statues, layout_gridlike, pf_hell_entry_tar_river,
          rand_demon_pan_entry_7, minmay_tree_intersection, grunt_ministairs_11,
          grunt_megastairs_5
Depths:4: minmay_the_grid_octo_triangle [minmay_the_grid_octo_77,
          minmay_the_grid_octo_prize_star, minmay_the_grid_octo_clover_2],
          layout_cave_pools, grunt_metal_band, abyss_entry_flame_altar,
          grunt_pan_entry_sceptre, spider_trap, minmay_misc_feat_doors
Depths:5: evilmike_zot_entry_basic, layout_basic, enter_ziggurat_c, hell_entry,
          serial_sigils_hangedman_clutch, serial_bayou_shore_a
Zot:1:    layout_basic
Zot:2:    layout_gridlike, st_large_dragon_hoard_3
Zot:3:    layout_misc_corridors
Zot:4:    layout_twisted_circle, hangedman_elemental_corridor
Zot:5:    layout_misc_corridors

Table legend:
 A = Turns spent in this place as a percentage of turns spent in the entire game.
 B = Non-inter-level travel turns spent in this place as a percentage of non-inter-level travel turns spent in the entire game.
 C = Inter-level travel turns spent in this place as a percentage of turns spent in this place.
 D = Turns resting spent in this place as a percentage of non-inter-level travel turns spent in this place.
 E = Turns spent auto-exploring this place as a percentage of non-inter-level travel turns spent in this place.
 F = Non-inter-level travel turns spent in this place divided by the number of levels of this place that you've seen.
                   A       B       C       D       E      F
               +-------+-------+-------+-------+-------+----------------------
         Total | 100.0 | 100.0 |  11.5 |  33.3 |  43.3 | 1563.3
       Dungeon |  23.7 |  22.5 |  16.1 |  25.6 |  46.7 | 1317.2
          Lair |  12.7 |  11.8 |  17.5 |  19.0 |  64.5 | 1385.2
        Shoals |   5.6 |   5.8 |   8.4 |  27.1 |  44.8 | 1371.7
   Spider Nest |   4.7 |   4.8 |   9.0 |  32.6 |  47.3 | 1126.7
  Orcish Mines |   2.6 |   2.5 |  16.2 |  38.3 |  38.1 | 1729.0
   Elven Halls |  10.3 |  10.8 |   7.5 |  41.7 |  36.9 | 2533.3
        Vaults |  12.6 |  13.0 |   8.4 |  38.3 |  37.1 | 3051.7
         Crypt |   2.4 |   2.6 |   5.8 |  38.4 |  37.6 | 916.0
        Depths |  13.5 |  13.2 |  13.6 |  34.0 |  44.5 | 1858.2
           Zot |   9.9 |  10.8 |   3.6 |  47.2 |  30.7 | 1521.6
        Bailey |   1.1 |   1.3 |   0.0 |  37.0 |  28.8 | 890.0
      Ice Cave |   0.8 |   0.9 |   0.0 |  70.8 |   0.5 | 630.0
               +-------+-------+-------+-------+-------+----------------------

Table legend:
 A = Kills in this place as a percentage of kills in entire the game.
 B = Kills by you in this place as a percentage of kills by you in the entire game.
 C = Kills by friends in this place as a percentage of kills by friends in the entire game.
 D = Other kills in this place as a percentage of other kills in the entire game.
 E = Experience gained in this place as a percentage of experience gained in the entire game.
 F = Experience gained in this place divided by the number of levels of this place that you have seen.
                   A       B       C       D       E      F
               +-------+-------+-------+-------+-------+----------------------
         Total | 100.0 | 100.0 | 100.0 | 100.0 | 100.0 | 31485.3
       Dungeon |  22.1 |  24.0 |   8.6 |   0.0 |   5.6 | 6650.3
          Lair |  11.9 |  11.8 |  13.2 |   6.2 |   4.1 | 9751.0
        Shoals |   6.4 |   6.7 |   4.1 |   0.0 |   5.9 | 27740.3
   Spider Nest |   7.2 |   7.0 |   9.5 |   0.0 |   4.0 | 19095.0
  Orcish Mines |   3.5 |   3.3 |   5.0 |   0.0 |   0.8 | 10975.0
   Elven Halls |   7.8 |   7.7 |   8.6 |   6.2 |   8.7 | 41212.0
        Vaults |  15.4 |  15.6 |  14.1 |  12.5 |  19.9 | 93755.0
         Crypt |   2.9 |   2.4 |   7.3 |   0.0 |   3.1 | 21920.0
        Depths |  13.5 |  12.2 |  20.5 |  56.2 |  19.9 | 56368.2
           Zot |   7.7 |   7.5 |   9.1 |  18.8 |  27.7 | 78505.6
        Bailey |   1.2 |   1.4 |   0.0 |   0.0 |   0.2 | 2551.0
      Ice Cave |   0.3 |   0.4 |   0.0 |   0.0 |   0.1 | 1386.0
               +-------+-------+-------+-------+-------+----------------------
